 Dungeon Crawl Stone Soup version 0.28.0-53-g5a82cb258f (webtiles) character file.

Game seed: 3455991384462896258

5191 cbfl8 the Cleaver (level 10, -2/132 HPs)
             Began as a Minotaur Berserker on Nov 9, 2022.
             Was an Elder of Trog.
             Slain by a troll (13 damage)
             ... on level 9 of the Dungeon.
             The game lasted 00:11:46 (9622 turns).

cbfl8 the Cleaver (Minotaur Berserker)              Turns: 9622, Time: 00:11:47

Health: -2/132     AC: 12    Str: 21    XL:     10   Next: 34%
Magic:  9/9        EV:  9    Int:  4    God:    Trog [****..]
Gold:   548        SH:  5    Dex: 15    Spells: 9/9 levels left

rFire   + . .      SeeInvis .   v - +0 battleaxe
rCold   x . .      Faith    .   (shield currently unavailable)
rNeg    . . .      Spirit   .   w - +0 plate armour
rPois   .          Reflect  +   (helmet restricted)
rElec   .          Harm     .   (no cloak)
rCorr   .          Rampage  .   (no gloves)
Will    .....                   (no boots)
Stlth   ..........              a - amulet of reflection
HPRegen 0.32/turn               l - ring of fire
MPRegen 0.11/turn               (no ring)

@: berserking, very quick
A: horns 2, retaliatory headbutt
a: Renounce Religion, Berserk, Trog's Hand, Brothers in Arms


You were on level 9 of the Dungeon.
You worshipped Trog.
Trog was greatly pleased with you.
You visited 1 branch of the dungeon, and saw 9 of its levels.
You also visited: Bailey.

You collected 548 gold pieces.

Inventory:

Hand Weapons
 v - a +0 battleaxe (weapon)
Armour
 w - a +0 plate armour (worn)
Jewellery
 a - an amulet of reflection (around neck)
 e - an amulet of the acrobat
 l - a ring of fire (left hand)
Wands
 y - a wand of flame (18)
Scrolls
 d - 3 scrolls of fog {unknown}
 h - 4 scrolls of teleportation
 i - 11 scrolls of identify
 m - a scroll of enchant armour {unknown}
 n - 2 scrolls of amnesia {unknown}
 o - a scroll of silence {unknown}
 p - a scroll of summoning {unknown}
 q - a scroll of magic mapping {unknown}
 s - a scroll of torment {unknown}
 t - a scroll of blinking {unknown}
Potions
 b - a potion of magic {unknown}
 f - a potion of mutation {unknown}
 g - 2 potions of might {unknown}
 j - a potion of attraction {unknown}
 k - 2 potions of degeneration {unknown}
 x - a potion of lignification {unknown}
 z - a potion of brilliance {unknown}
 A - 2 potions of heal wounds {unknown}
Miscellaneous
 c - a box of beasts
 u - a condenser vane


   Skills:
 * Level 8.2 Fighting
 * Level 13.0 Axes
 + Level 6.4 Armour
 * Level 6.4 Dodging
 + Level 0.2 Stealth
 + Level 2.0 Shields
 * Level 4.6 Evocations


You had 9 spell levels left.
You didn't know any spells.
Your spell library was empty.

Dungeon Overview and Level Annotations

Branches:
Dungeon (9/15)             Temple (0/1) D:7          Bailey (visited)
   Lair: D:8-11         Orc: D:9-12

Altars:
Cheibriados
Elyvilon
Hepliaklqana
Kikubaaqudgha
Ru
Trog
Xom
Yredelemnul
The Shining One
Beogh

Annotations:
D:3 3 runed translucent doors, BigDaddyOpFi's ghost, amateur HOFi


Innate Abilities, Weirdness & Mutations

You have a pair of horns on your head.
You reflexively headbutt those who attack you in melee.


Message History

You slash the troll! You headbutt the troll!
The troll is almost dead.
You closely miss the orc wizard.
A warg comes into view.
The troll bites you but does no damage. The troll claws you!
The troll claws you but does no damage.
The orc wizard hits you but does no damage.
The warg howls!
You hit the troll.
The troll is almost dead.
You hit the orc wizard. The troll bites you. You block the troll's attack.
The troll claws you. The orc wizard barely misses you. You furiously retaliate!
You headbutt the orc wizard!
You kill the orc wizard!
Trog accepts your kill.
Trog appreciates your killing of a magic user.
An orc wizard comes into view. It is wielding a +0 dagger.
Your Axes skill increases to level 13!
The orc wizard shouts!
You hit the troll. Your headbutt misses the troll.
The troll is almost dead.
You hear a shout!
The troll bites you!
* * * LOW HITPOINT WARNING * * *
The troll claws you!
* * * LOW HITPOINT WARNING * * *
The troll completely misses you.
A red film seems to cover your vision as you go berserk!
You feel yourself moving faster!
You feel mighty! The warg bites you but does no damage. The troll bites you!
* * * LOW HITPOINT WARNING * * *
The troll claws you.
* * * LOW HITPOINT WARNING * * *
The troll claws you.
* * * LOW HITPOINT WARNING * * *
The warg misses you.
You barely miss the troll. Your headbutt misses the troll.
The troll is almost dead.
You closely miss the warg. You barely miss the warg. The troll bites you!
You die...

.. ..# .####..# #
#o.....#
.##.##......#
..#.#...!...#
#...........#
.......hh...#
#.#.)@..>.# #.
#.###T†####
.#########.####..##
.
..................#
# #.#
###.......##### #
#.# ###.......#
###.###.........#
................#
........#.......#


You could see a troll, 2 wargs and an orc wizard.

Vanquished Creatures
  A centaur warrior (D:9)
  An orc knight (Bailey)
  A komodo dragon (D:9)
  A troll (D:8)
  2 wyverns
  A steam dragon (D:8)
  An acid dragon (D:9)
  A water moccasin (D:5)
  A sky beast (D:6)
  2 ice beasts (D:5)
  3 black bears
  3 orc warriors
  3 ogres
  A necrophage (D:8)
  2 centaurs
  5 kobold brigands
  2 bullfrogs
  A wyvern skeleton (D:7)
  3 wights (D:6)
  A bullfrog zombie (D:6)
  2 centaur zombies
  A howler monkey (D:5)
  2 hounds
  2 jellies
  4 orc priests
  A bullfrog skeleton (D:7)
  2 centaur skeletons
  2 gnoll shamans (D:8)
  3 iguanas
  7 orc wizards
  A howler monkey zombie (D:9)
  Robin (D:3)
  8 gnolls (D:8)
  4 adders
  A shadow imp (D:6)
  A white imp (D:4)
  An ufetubus (D:7)
  An adder zombie (D:5)
  An adder skeleton (D:4)
  A worm (D:2)
  4 dart slugs
  25 orcs
  6 bats
  8 endoplasms
  A giant cockroach (D:1)
  15 goblins
  15 hobgoblins
  12 jackals
  A quokka (D:4)
  13 ball pythons
  5 frilled lizards
  21 kobolds
  4 rats
212 creatures vanquished.

Vanquished Creatures (others)
  A black bear (D:5)
  An ogre (D:5)
  A hound (D:5)
  An adder (D:5)
  10 plants
14 creatures vanquished.

Grand Total: 226 creatures vanquished

Notes
Turn   | Place    | Note
-------+----------+-------------------------------------------
     0 | D:1      | cbfl8 the Minotaur Berserker began the quest for the Orb.
     0 | D:1      | Reached XP level 1. HP: 19/19 MP: 0/0
   218 | D:1      | Reached XP level 2. HP: 27/27 MP: 1/1
   319 | D:1      | Reached skill level 4 in Axes
   844 | D:1      | Reached XP level 3. HP: 33/33 MP: 2/2
  1138 | D:2      | Reached ** piety under Trog
  1308 | D:2      | Found a white marble altar of Elyvilon.
  1940 | D:3      | Found a runed translucent gate.
  1941 | D:3      | Found a runed translucent gate.
  1941 | D:3      | Noticed BigDaddyOpFi's ghost (amateur HOFi)
  1942 | D:3      | Found a runed translucent gate.
  1943 | D:3      | Identified the +8 dagger of Severance {drain, rPois rC+}
  2069 | D:3      | Reached XP level 4. HP: 41/41 MP: 3/3
  2152 | D:3      | Noticed Robin
  2164 | D:3      | Killed Robin
  2444 | D:3      | Reached skill level 5 in Axes
  2444 | D:3      | Reached skill level 1 in Evocations
  2445 | D:3      | Reached XP level 5. HP: 32/47 MP: 4/4
  3000 | D:4      | Reached skill level 6 in Axes
  3041 | D:4      | Reached *** piety under Trog
  3111 | D:4      | Found an ancient bone altar of Kikubaaqudgha.
  3568 | D:5      | Entered Level 5 of the Dungeon
  3585 | D:5      | Noticed an ogre
  3601 | D:5      | Noticed an ice beast
  3610 | D:5      | Killed an ogre
  3611 | D:5      | Reached XP level 6. HP: 53/53 MP: 5/5
  3617 | D:5      | Killed an ice beast
  3618 | D:5      | Reached skill level 5 in Fighting
  3618 | D:5      | Reached skill level 7 in Axes
  3678 | D:5      | Noticed a water moccasin
  3771 | D:5      | Noticed an ice beast
  3779 | D:5      | Reached XP level 7. HP: 61/61 MP: 6/6
  3996 | D:5      | Found a shimmering altar of Xom.
  4033 | D:5      | Reached skill level 8 in Axes
  4226 | D:5      | Reached skill level 1 in Shields
  4564 | D:6      | Reached **** piety under Trog
  4645 | D:6      | Found a sacrificial altar of Ru.
  4651 | D:6      | Reached XP level 8. HP: 69/69 MP: 7/7
  4772 | D:6      | Reached skill level 9 in Axes
  5388 | D:6      | Found a basalt altar of Yredelemnul.
  5401 | D:6      | Noticed a profane servitor
  5415 | D:6      | Found a glowing golden altar of the Shining One.
  5675 | D:6      | Noticed an angel
  5699 | D:7      | Found a flagged portal.
  5720 | Bailey   | Entered a bailey
  5759 | Bailey   | Reached skill level 5 in Armour
  5789 | Bailey   | Reached skill level 10 in Axes
  6026 | Bailey   | Noticed an orc knight
  6034 | Bailey   | Killed an orc knight
  6035 | Bailey   | Reached skill level 5 in Dodging
  6035 | Bailey   | Reached XP level 9. HP: 78/78 MP: 8/8
  6117 | Bailey   | Noticed an orc knight
  6129 | Bailey   | Noticed an orc knight
  6522 | D:7      | Found a hazy altar of Hepliaklqana.
  6580 | D:7      | Found a staircase to the Ecumenical Temple.
  7363 | D:8      | Reached skill level 11 in Axes
  7548 | D:8      | Found a snail-covered altar of Cheibriados.
  7582 | D:8      | Noticed a troll
  7588 | D:8      | Killed a troll
  7864 | D:8      | Found a white marble altar of Elyvilon.
  7864 | D:8      | Found a bloodstained altar of Trog.
  7888 | D:8      | Reached skill level 12 in Axes
  8416 | D:8      | Reached XP level 10. HP: 88/88 MP: 9/9
  8844 | D:9      | Noticed a centaur warrior
  8970 | D:9      | Killed a centaur warrior
  9620 | D:9      | Reached skill level 13 in Axes
  9622 | D:9      | Slain by a troll

Illustrated notes

Levels and vault maps discovered:
D:1:      dpeg_arrival_tiny_a, layout_basic, serial_bayou_lake_a
D:2:      layout_loops_ring, basic_altar
D:3:      minmay_wonky_spiral, layout_basic, biasface_ghost_orc_armoury,
          uniq_robin
D:4:      layout_loops_ring, kennysheep_mini_moat
D:5:      layout_rooms, xom_confusion_cloud
D:6:      layout_basic, mainiacjoe_overflow_concentric_impassable,
          grunt_temple_overflow_holy_war, minmay_tree_intersection
D:7:      layout_basic, mainiacjoe_overflow_24_doors,
          minmay_temple_entry_gardened_gates, enter_bailey_2,
          serial_bayou_crossing
D:8:      layout_loops_ring, kennysheep_slug_shrine, jmf_multi_god_temple
D:9:      layout_rooms, erik_lair_orcish_takeover, minivault_26,
          kennysheep_cross_bottleneck

Skill      XL: |  1  2  3  4  5  6  7  8  9 10 |
---------------+-------------------------------+-----
Axes           | 4 5 6 7 8 10 12 13 | 13.0
Fighting       | 4 5 6 7 8 |  8.2
Armour         | 3 4 5 6 |  6.4
Evocations     | 1 2 3 4 |  4.6
Dodging        | 3 5 6 |  6.4
Shields        | 1 2 |  2.0
Stealth        | |  0.2

Action                   |  1- 3 |  4- 6 |  7- 9 | 10-12 || total
-------------------------+-------+-------+-------+-------++-------
Melee: Hand axe          |   101 |    37 |       |       ||   138
       Headbutt          |    13 |    16 |    49 |    13 ||    91
       Punch             |     3 |     3 |     2 |       ||     8
       War axe           |       |    89 |   138 |       ||   227
       Battleaxe         |       |       |   100 |    49 ||   149
Invok: Berserk           |     2 |     3 |     2 |     2 ||     9
  Use: Potion            |       |     6 |       |     1 ||     7
       Scroll            |       |       |       |     2 ||     2
Armor: Animal skin       |     7 |       |       |       ||     7
       Chain mail        |    16 |    65 |    68 |       ||   149
       Plate armour      |       |       |    55 |    24 ||    79
Dodge: Dodged            |    61 |    52 |   103 |    28 ||   244
Block: Other             |       |    20 |    49 |    13 ||    82
       Reflection        |       |       |     8 |     1 ||     9
